Whalers vs Flyers

Created - 29 février 2024 at 18:10

Goals
1 2 3 T
Whalers 0 1 0 1
Flyers 1 2 0 3
Shots
1 2 3 T
Whalers 12 17 5 34
Flyers 15 9 4 28

GoalsPenalties
1st period
1. Flyers , Scott Laughton 14 (Calle Jarnkrok 14, Juuso Valimaki 9) at 16:20
Jacob Middleton (HAR) for Roughing (Double Minor) at 1:12
Josh Mahura (HAR) for Tripping (Minor) at 19:46
2nd period
2. Whalers , Ty Dellandrea 10 (Trevor Lewis 8, Jack McBain 9) at 13:26
3. Flyers , Patrick Kane 22 (Leon Draisaitl 37) at 15:40 (PP)
4. Flyers , Patrick Kane 23 (Travis Konecny 29, Juuse Saros) at 16:29
Scott Mayfield (HAR) for Hooking (Minor) at 15:38
3rd period
No Goal
Justin Faulk (HAR) for Hooking (Minor) at 0:13
Scott Mayfield (HAR) for Diving (Minor) at 9:37
Goalie Stats
Jacob Markstrom (HAR), 25 saves from 28 shots - (0,893), L, 23-13-5, 60:00 minutes
Juuse Saros (PHI), 33 saves from 34 shots - (0,971), W, 34-7-4, 60:00 minutes
3 StarsOfficial
1 - Juuse Saros (PHI)
2 - Patrick Kane (PHI)
3 - Scott Laughton (PHI)
Referees : Brandon Schrader and TJ Luxmore
Linesman : Darren Gibbs and Greg Devorski
Game Note
No Game Note
Finance
Level 1 -- Attendance: 6000 (100,00%) -- Ticket Income $570,000
Level 2 -- Attendance: 4774 (95,48%) -- Ticket Income $257,796
Level 3 -- Attendance: 2000 (100,00%) -- Ticket Income $66,000
Level 4 -- Attendance: 3790 (94,75%) -- Ticket Income $83,380
Luxury Box -- Attendance: 1000 (100,00%) -- Ticket Income $165,000
Game was played at the Spectrum.
Total Attendance: 17564 (97,58%)
Total Ticket Income: $1,142,176
Other Income: $559,666
Total Income: $1,701,842



Team Name Goals Shots Shots Attemp Shots Blocked PIM HIT PP PK FO%
Whalers 134641512220 / 0 (0,00%138%
Flyers 32860150171 / 6 (17%)063%

Whalers
Player Name POS G A P +/- PIM HIT SHT SB MP PP MP PP SHT PK MP PK SHT FO% FOT GA TA
Bryan RustLW/RW0000016116:190:0001:0300% 000
David SavardD000-1010121:310:0004:1400% 002
Drake BathersonC/RW0000031116:440:0000:00014% 1410
Jack McBainC0110021011:440:0004:19050% 400
Jacob MiddletonD000-1402019:520:0002:3100% 000
Josh MahuraD0001211118:050:0003:4000% 000
Justin FaulkD000-1221219:500:0001:1600% 001
Max PaciorettyLW000-100109:420:0000:000100% 100
Oskar SundqvistC/LW/RW000-101009:420:0000:0000% 000
Pierre-edouard BellemareC/LW/RW000-1002114:530:0004:39036% 1411
Reilly SmithLW/RW0000016120:340:0004:200100% 120
Scott MayfieldD000-1411122:400:0004:0000% 002
Sean WalkerD0001020218:200:0004:1500% 001
Shane PintoC0000012016:410:0000:46067% 910
Timo MeierLW/RW0000031116:470:0000:030100% 100
Trevor LewisC/LW/RW011000107:250:0000:0000% 010
Ty DellandreaC/RW1010014112:270:0004:4600% 000
Vladimir TarasenkoRW0000024216:410:0000:0000% 400
Flyers
Player Name POS G A P +/- PIM HIT SHT SB MP PP MP PP SHT PK MP PK SHT FO% FOT GA TA
Brock FaberD0001012424:216:0610:0000% 000
Calle JarnkrokC/LW/RW0112010113:480:5000:00050% 200
Dylan CozensC/LW/RW0000004017:113:4100:00058% 1200
Gabriel VilardiC/LW/RW0002000013:480:4600:000100% 100
Joey AndersonRW000-101209:000:0000:0000% 000
John MarinoD0001010017:310:2100:0000% 002
John-Jason PeterkaC/LW/RW000-100109:000:0000:0000% 010
Juuso ValimakiD0110001115:290:2100:0000% 001
Kaiden GuhleD0000021119:233:3100:0000% 001
Kevin FialaLW/RW0000022018:495:2620:00080% 500
Leon DraisaitlC/LW0110005020:025:2820:00063% 1610
MacKenzie WeegarD0000012222:586:0600:0000% 000
Noah HanifinD0000000120:183:3100:0000% 001
Patrick KaneLW/RW2020006120:045:3040:000100% 110
Scott LaughtonC/LW/RW1012021212:590:0100:00033% 600
Travis KonecnyLW/RW0110040018:253:4400:00067% 341
Viktor ArvidssonLW/RW0000010117:143:4800:0000% 000
Wyatt JohnstonC000-101119:400:4000:000100% 200

Whalers

5 vs 5 Forward
Line #Left WingCenterRight WingPHYDFOFWanted %Time %Time Play
1Timo MeierDrake BathersonVladimir Tarasenko0233634%17:00
2Reilly SmithShane PintoBryan Rust0233432%15:55
3Max PaciorettyPierre-edouard BellemareOskar Sundqvist0232219%9:42
4Trevor LewisJack McBainTy Dellandrea023815%7:25
5 vs 5 Defense
Line #DefenseDefensePHYDFOFWanted %Time %Time Play
1Justin FaulkScott Mayfield0323736%18:03
2Jacob MiddletonDavid Savard0323736%18:12
3Sean WalkerJosh Mahura0322626%13:01
4Justin FaulkSean Walker12202%0:46
Power Play Forward
Line #Left WingCenterRight WingPHYDFOFWanted %Time %Time Play
1Timo MeierDrake BathersonVladimir Tarasenko005500%0:00
2Reilly SmithShane PintoBryan Rust005500%0:00
Power Play Defense
Line #DefenseDefensePHYDFOFWanted %Time %Time Play
1Justin FaulkScott Mayfield032500%0:00
2Jacob MiddletonSean Walker032500%0:00
Penalty Kill 4 Players Forward
Line #CenterWingPHYDFOFWanted %Time %Time Play
1Pierre-edouard BellemareTy Dellandrea0415051%5:05
2Jack McBainReilly Smith0415049%4:53
Penalty Kill 4 Players Defense
Line #DefenseDefensePHYDFOFWanted %Time %Time Play
1David SavardJacob Middleton0505048%4:48
2Scott MayfieldJosh Mahura0505052%5:10
Penalty Kill 3 Players
Line #WingPHYDFOFWanted %Time %Time PlayDefenseDefensePHYDFOFWanted %Time %Time Play
1Pierre-edouard Bellemare050500%0:00 Sean WalkerJacob Middleton050500%0:00
2Jack McBain050500%0:00 Scott MayfieldJosh Mahura050500%0:00
4 vs 4 Forward
Line #CenterWingPHYDFOFWanted %Time %Time Play
1Drake BathersonTimo Meier023500%0:00
2Oskar SundqvistReilly Smith023500%0:00
4 vs 4 Defense
Line #DefensePHYDFOFWanted %Time %Time Play
1Josh MahuraDavid Savard032600%0:00
2Jacob MiddletonSean Walker032400%0:00
Last Minutes Offensive
Left WingCenterRight WingDefenseDefense
Timo MeierDrake BathersonVladimir TarasenkoJustin FaulkScott Mayfield
Last Minutes Defensive
Left WingCenterRight WingDefenseDefense
Reilly SmithPierre-edouard BellemareTy DellandreaSean WalkerScott Mayfield
Time
Total ForwardTotal DefenseLast Minutes OffensiveLast Minutes Defensive
60:00 60:00 0:000:00
Extra Forwards
Normal PowerPlayPenalty Kill
Timo Meier, Vladimir Tarasenko, Reilly SmithTy Dellandrea, Jack McBainShane Pinto
Extra Defensemen
Normal PowerPlayPenalty Kill
Justin Faulk, Sean Walker, Jacob MiddletonDavid Savard, Scott MayfieldJosh Mahura
Penalty Shots
Bryan Rust, Drake Batherson, Vladimir Tarasenko, Reilly Smith, Timo Meier
Goalie
Jacob Markstrom, Jake Allen
Custom OT Lines Forwards
Drake Batherson, Timo Meier, Vladimir Tarasenko, Reilly Smith, Bryan Rust, Shane Pinto, Max Pacioretty, Jack McBain, Ty Dellandrea, Oskar Sundqvist
Custom OT Lines Defensemen
Justin Faulk, David Savard, Jacob Middleton, Scott Mayfield, Josh Mahura
Scratches
Zack Kassian (Healthy), Adam Cracknell (Suspend), Kyle Burroughs (Healthy), Riley Nash (Healthy)

Flyers

5 vs 5 Forward
Line #Left WingCenterRight WingPHYDFOFWanted %Time %Time Play
1Travis KonecnyLeon DraisaitlPatrick Kane0323029%14:34
2Kevin FialaDylan CozensViktor Arvidsson0322827%13:30
3Calle JarnkrokScott LaughtonGabriel Vilardi0322626%12:58
4John-Jason PeterkaWyatt JohnstonJoey Anderson0321618%9:00
5 vs 5 Defense
Line #DefenseDefensePHYDFOFWanted %Time %Time Play
1Noah HanifinMacKenzie Weegar1313634%17:15
2John MarinoBrock Faber1313436%18:07
3Juuso ValimakiKaiden Guhle0323029%14:40
4Noah HanifinMacKenzie Weegar12200%0:00
Power Play Forward
Line #Left WingCenterRight WingPHYDFOFWanted %Time %Time Play
1Patrick KaneLeon DraisaitlKevin Fiala0055557%5:39
2Viktor ArvidssonDylan CozensTravis Konecny0054543%4:19
Power Play Defense
Line #DefenseDefensePHYDFOFWanted %Time %Time Play
1Brock FaberMacKenzie Weegar0235761%6:06
2Kaiden GuhleNoah Hanifin0234339%3:52
Penalty Kill 4 Players Forward
Line #CenterWingPHYDFOFWanted %Time %Time Play
1Scott LaughtonCalle Jarnkrok050520%0:00
2Dylan CozensJoey Anderson050480%0:00
Penalty Kill 4 Players Defense
Line #DefenseDefensePHYDFOFWanted %Time %Time Play
1John MarinoNoah Hanifin050550%0:00
2MacKenzie WeegarBrock Faber050450%0:00
Penalty Kill 3 Players
Line #WingPHYDFOFWanted %Time %Time PlayDefenseDefensePHYDFOFWanted %Time %Time Play
1Scott Laughton050530%0:00 John MarinoNoah Hanifin050550%0:00
2Dylan Cozens050470%0:00 MacKenzie WeegarBrock Faber050450%0:00
4 vs 4 Forward
Line #CenterWingPHYDFOFWanted %Time %Time Play
1Leon DraisaitlTravis Konecny023550%0:00
2Dylan CozensPatrick Kane023450%0:00
4 vs 4 Defense
Line #DefensePHYDFOFWanted %Time %Time Play
1Noah HanifinMacKenzie Weegar032600%0:00
2John MarinoKaiden Guhle032400%0:00
Last Minutes Offensive
Left WingCenterRight WingDefenseDefense
Patrick KaneLeon DraisaitlKevin FialaMacKenzie WeegarNoah Hanifin
Last Minutes Defensive
Left WingCenterRight WingDefenseDefense
Travis KonecnyLeon DraisaitlDylan CozensMacKenzie WeegarNoah Hanifin
Time
Total ForwardTotal DefenseLast Minutes OffensiveLast Minutes Defensive
60:00 60:00 0:000:00
Extra Forwards
Normal PowerPlayPenalty Kill
Gabriel Vilardi, Scott Laughton, Wyatt JohnstonGabriel Vilardi, Wyatt JohnstonKevin Fiala
Extra Defensemen
Normal PowerPlayPenalty Kill
Noah Hanifin, Kaiden Guhle, Brock FaberJohn Marino, John MarinoKaiden Guhle
Penalty Shots
Patrick Kane, Viktor Arvidsson, Leon Draisaitl, Calle Jarnkrok, Noah Hanifin
Goalie
Juuse Saros, Casey DeSmith
Custom OT Lines Forwards
Leon Draisaitl, Travis Konecny, Patrick Kane, Dylan Cozens, Kevin Fiala, Scott Laughton, Viktor Arvidsson, Gabriel Vilardi, Calle Jarnkrok, Wyatt Johnston
Custom OT Lines Defensemen
Brock Faber, Noah Hanifin, MacKenzie Weegar, John Marino, Kaiden Guhle
Scratches
Aaron Ekblad (Lacerated Left Calf Injury), Jesper Boqvist (Healthy)


Play-by-Play

1st period


0:01 of 1st period - Leon Draisaitl wins face-off versus Vladimir Tarasenko in neutral zone.
1:12 of 1st period - Double Minor Penalty to Jacob Middleton for Roughing.
1:13 of 1st period - Kevin Fiala wins face-off versus Pierre-edouard Bellemare in Whalers zone.
1:17 of 1st period - Snap shot by Leon Draisaitl.
1:17 of 1st period - Stopped by Jacob Markstrom without a rebound.
1:18 of 1st period - Patrick Kane wins face-off versus Pierre-edouard Bellemare in Whalers zone.
1:58 of 1st period - Snap shot by Patrick Kane.
1:58 of 1st period - Stopped by Jacob Markstrom with a rebound.
2:00 of 1st period - Snap shot by Leon Draisaitl.
2:00 of 1st period - Stopped by Jacob Markstrom with a rebound.
2:02 of 1st period - Slapshot by Brock Faber.
2:02 of 1st period - Stopped by Jacob Markstrom with a rebound.
2:04 of 1st period - Snap shot by Patrick Kane.
2:04 of 1st period - Stopped by Jacob Markstrom without a rebound.
2:05 of 1st period - Pierre-edouard Bellemare wins face-off versus Travis Konecny in Whalers zone.
2:32 of 1st period - Kaiden Guhle is hit by Jack McBain and loses puck.
3:23 of 1st period - Josh Mahura is hit by Kaiden Guhle and loses puck.
4:27 of 1st period - Ty Dellandrea is hit by Calle Jarnkrok and loses puck.
5:12 of 1st period - Penalty to Jacob Middleton is over, Jacob Middleton is back on ice.
5:46 of 1st period - Slapshot by Pierre-edouard Bellemare.
5:46 of 1st period - Stopped by Juuse Saros without a rebound.
5:47 of 1st period - Pierre-edouard Bellemare wins face-off versus Scott Laughton in Flyers zone.
5:54 of 1st period - Jacob Middleton is hit by Scott Laughton and loses puck.
6:07 of 1st period - Wyatt Johnston is hit by Vladimir Tarasenko and loses puck.
6:14 of 1st period - Slapshot by Vladimir Tarasenko.
6:14 of 1st period - Stopped by Juuse Saros with a rebound.
6:47 of 1st period - Wrist shot by Dylan Cozens.
6:47 of 1st period - Stopped by Jacob Markstrom without a rebound.
6:48 of 1st period - Dylan Cozens wins face-off versus Drake Batherson in Whalers zone.
8:53 of 1st period - Josh Mahura is hit by MacKenzie Weegar.
9:52 of 1st period - Josh Mahura is hit by Kevin Fiala and loses puck.
10:47 of 1st period - Backhand shot by Joey Anderson.
10:47 of 1st period - Shot Blocked by David Savard.
10:49 of 1st period - Slapshot by Kaiden Guhle.
10:49 of 1st period - Deflect By Jacob Middleton.
10:49 of 1st period - Stopped by Jacob Markstrom with a rebound.
11:09 of 1st period - Snap shot by Reilly Smith.
11:09 of 1st period - Stopped by Juuse Saros without a rebound.
11:10 of 1st period - Leon Draisaitl wins face-off versus Drake Batherson in Flyers zone.
11:17 of 1st period - Wrist shot by Vladimir Tarasenko.
11:17 of 1st period - Shot Blocked by MacKenzie Weegar.
11:19 of 1st period - Slapshot by Drake Batherson.
11:19 of 1st period - Shot Hit the Post.
11:21 of 1st period - Snap shot by Justin Faulk.
11:21 of 1st period - Deflect By Drake Batherson.
11:21 of 1st period - Shot Blocked by MacKenzie Weegar.
11:21 of 1st period - Puck is out of play.
11:22 of 1st period - Dylan Cozens wins face-off versus Shane Pinto in Flyers zone.
11:26 of 1st period - Off-side.
11:27 of 1st period - Shane Pinto wins face-off versus Dylan Cozens in neutral zone.
11:42 of 1st period - Justin Faulk is hit by Viktor Arvidsson.
13:02 of 1st period - Snap shot by Ty Dellandrea.
13:02 of 1st period - Stopped by Juuse Saros with a rebound.
13:04 of 1st period - Snap shot by Jack McBain.
13:04 of 1st period - Stopped by Juuse Saros without a rebound.
13:05 of 1st period - Leon Draisaitl wins face-off versus Drake Batherson in Flyers zone.
13:12 of 1st period - Wrist shot by Patrick Kane.
13:12 of 1st period - Shot Blocked by Timo Meier.
13:32 of 1st period - Scott Laughton is hit by Justin Faulk and loses puck.
13:58 of 1st period - Slapshot by Max Pacioretty.
13:58 of 1st period - Stopped by Juuse Saros without a rebound.
13:59 of 1st period - Leon Draisaitl wins face-off versus Pierre-edouard Bellemare in Flyers zone.
14:03 of 1st period - Icing by Patrick Kane.
14:04 of 1st period - Drake Batherson wins face-off versus Leon Draisaitl in Flyers zone.
14:05 of 1st period - Snap shot by Timo Meier.
14:05 of 1st period - Shot Misses the Net.
14:13 of 1st period - Snap shot by Drake Batherson.
14:13 of 1st period - Stopped by Juuse Saros with a rebound.
14:15 of 1st period - Snap shot by Vladimir Tarasenko.
14:15 of 1st period - Shot Misses the Net.
14:17 of 1st period - Slapshot by Vladimir Tarasenko.
14:17 of 1st period - Stopped by Juuse Saros with a rebound.
14:41 of 1st period - Snap shot by Scott Laughton.
14:41 of 1st period - Shot Misses the Net.
15:17 of 1st period - Wrist shot by Wyatt Johnston.
15:17 of 1st period - Stopped by Jacob Markstrom with a rebound.
15:19 of 1st period - Wrist shot by Joey Anderson.
15:19 of 1st period - Stopped by Jacob Markstrom without a rebound.
15:20 of 1st period - Wyatt Johnston wins face-off versus Drake Batherson in Whalers zone.
15:23 of 1st period - Snap shot by Wyatt Johnston.
15:23 of 1st period - Shot Blocked by Sean Walker.
15:25 of 1st period - Slapshot by Joey Anderson.
15:25 of 1st period - Shot Blocked by Sean Walker.
15:37 of 1st period - Wrist shot by John-Jason Peterka.
15:37 of 1st period - Shot Misses the Net.
15:39 of 1st period - Slapshot by Brock Faber.
15:39 of 1st period - Shot Misses the Net.
15:41 of 1st period - Wrist shot by Joey Anderson.
15:41 of 1st period - Shot Blocked by Drake Batherson.
15:43 of 1st period - Slapshot by Joey Anderson.
15:43 of 1st period - Stopped by Jacob Markstrom with a rebound.
15:48 of 1st period - Off-side.
15:49 of 1st period - Leon Draisaitl wins face-off versus Shane Pinto in neutral zone.
16:20 of 1st period - Wrist shot by Scott Laughton.
16:20 of 1st period - Goal by Scott Laughton - Whalers : 0 - Flyers : 1.
16:21 of 1st period - Dylan Cozens wins face-off versus Shane Pinto in neutral zone.
16:46 of 1st period - Brock Faber is hit by Drake Batherson and loses puck.
16:51 of 1st period - Snap shot by Drake Batherson.
16:51 of 1st period - Deflect By Vladimir Tarasenko.
16:51 of 1st period - Stopped by Juuse Saros with a rebound.
16:53 of 1st period - Snap shot by Timo Meier.
16:53 of 1st period - Stopped by Juuse Saros without a rebound.
16:54 of 1st period - Scott Laughton wins face-off versus Vladimir Tarasenko in Flyers zone.
17:09 of 1st period - Wrist shot by Timo Meier.
17:09 of 1st period - Shot Misses the Net.
17:33 of 1st period - Backhand shot by Dylan Cozens.
17:33 of 1st period - Stopped by Jacob Markstrom with a rebound.
17:51 of 1st period - Slapshot by Bryan Rust.
17:51 of 1st period - Shot Misses the Net.
17:53 of 1st period - Snap shot by Jacob Middleton.
17:53 of 1st period - Stopped by Juuse Saros with a rebound.
17:55 of 1st period - Slapshot by Jacob Middleton.
17:55 of 1st period - Shot Blocked by Noah Hanifin.
17:57 of 1st period - Slapshot by David Savard.
17:57 of 1st period - Shot Misses the Net.
18:39 of 1st period - Wrist shot by Calle Jarnkrok.
18:39 of 1st period - Shot Misses the Net.
18:47 of 1st period - Brock Faber is hit by Jack McBain and loses puck.
19:06 of 1st period - Slapshot by Justin Faulk.
19:06 of 1st period - Shot Blocked by Calle Jarnkrok.
19:08 of 1st period - Snap shot by Jack McBain.
19:08 of 1st period - Deflect By Ty Dellandrea.
19:08 of 1st period - Shot Misses the Net.
19:08 of 1st period - Puck is out of play.
19:09 of 1st period - Shane Pinto wins face-off versus Dylan Cozens in Flyers zone.
19:18 of 1st period - Wrist shot by Reilly Smith.
19:18 of 1st period - Shot Blocked by Kaiden Guhle.
19:20 of 1st period - Snap shot by Shane Pinto.
19:20 of 1st period - Shot Misses the Net.
19:22 of 1st period - Slapshot by Shane Pinto.
19:22 of 1st period - Stopped by Juuse Saros without a rebound.
19:23 of 1st period - Travis Konecny wins face-off versus Drake Batherson in Flyers zone.
19:30 of 1st period - Slapshot by Leon Draisaitl.
19:30 of 1st period - Stopped by Jacob Markstrom with a rebound.
19:32 of 1st period - Snap shot by Travis Konecny.
19:32 of 1st period - Shot Misses the Net.
19:34 of 1st period - Snap shot by Patrick Kane.
19:34 of 1st period - Stopped by Jacob Markstrom with a rebound.
19:36 of 1st period - Slapshot by MacKenzie Weegar.
19:36 of 1st period - Deflect By Timo Meier.
19:36 of 1st period - Stopped by Jacob Markstrom with a rebound.
19:46 of 1st period - Minor Penalty to Josh Mahura for Tripping.
19:47 of 1st period - Kevin Fiala wins face-off versus Pierre-edouard Bellemare in Whalers zone.
Goals for this period are 0 for Whalers vs 1 for Flyers.
Shots for this period are 12 for Whalers vs 15 for Flyers.

2nd period


0:01 of 2nd period - Jack McBain wins face-off versus Leon Draisaitl in neutral zone.
0:03 of 2nd period - Off-side.
0:04 of 2nd period - Leon Draisaitl wins face-off versus Jack McBain in neutral zone.
0:07 of 2nd period - Jack McBain is hit by Kevin Fiala and loses puck.
0:16 of 2nd period - Wrist shot by Patrick Kane.
0:16 of 2nd period - Shot Blocked by Scott Mayfield.
0:18 of 2nd period - Slapshot by Brock Faber.
0:18 of 2nd period - Shot Misses the Net.
0:20 of 2nd period - Slapshot by Kevin Fiala.
0:20 of 2nd period - Stopped by Jacob Markstrom without a rebound.
0:21 of 2nd period - Dylan Cozens wins face-off versus Pierre-edouard Bellemare in Whalers zone.
0:22 of 2nd period - Wrist shot by Viktor Arvidsson.
0:22 of 2nd period - Shot Misses the Net.
1:46 of 2nd period - Penalty to Josh Mahura is over, Josh Mahura is back on ice.
1:59 of 2nd period - Slapshot by Vladimir Tarasenko.
1:59 of 2nd period - Stopped by Juuse Saros with a rebound.
2:03 of 2nd period - Snap shot by Timo Meier.
2:03 of 2nd period - Deflect By Vladimir Tarasenko.
2:03 of 2nd period - Shot Misses the Net.
2:03 of 2nd period - Puck is out of play.
2:04 of 2nd period - Wyatt Johnston wins face-off versus Drake Batherson in Flyers zone.
2:54 of 2nd period - Wrist shot by Oskar Sundqvist.
2:54 of 2nd period - Shot Blocked by Brock Faber.
3:37 of 2nd period - Leon Draisaitl is hit by Sean Walker and loses puck.
3:43 of 2nd period - Icing by Leon Draisaitl.
3:44 of 2nd period - Leon Draisaitl wins face-off versus Drake Batherson in Flyers zone.
3:44 of 2nd period - Leon Draisaitl is hit by Timo Meier.
4:19 of 2nd period - Snap shot by Viktor Arvidsson.
4:19 of 2nd period - Shot Misses the Net.
4:38 of 2nd period - Slapshot by MacKenzie Weegar.
4:38 of 2nd period - Deflect By Justin Faulk.
4:38 of 2nd period - Stopped by Jacob Markstrom with a rebound.
5:52 of 2nd period - Kaiden Guhle is hit by Josh Mahura and loses puck.
5:57 of 2nd period - Snap shot by Shane Pinto.
5:57 of 2nd period - Deflect By Bryan Rust.
5:57 of 2nd period - Stopped by Juuse Saros with a rebound.
5:59 of 2nd period - Wrist shot by Reilly Smith.
5:59 of 2nd period - Shot Blocked by Juuso Valimaki.
6:01 of 2nd period - Wrist shot by Shane Pinto.
6:01 of 2nd period - Stopped by Juuse Saros without a rebound.
6:02 of 2nd period - Kevin Fiala wins face-off versus Drake Batherson in Flyers zone.
6:52 of 2nd period - Trevor Lewis is hit by Wyatt Johnston and loses puck.
6:59 of 2nd period - Slapshot by John-Jason Peterka.
6:59 of 2nd period - Stopped by Jacob Markstrom with a rebound.
7:01 of 2nd period - Slapshot by Brock Faber.
7:01 of 2nd period - Stopped by Jacob Markstrom with a rebound.
7:03 of 2nd period - Wrist shot by Wyatt Johnston.
7:03 of 2nd period - Shot Blocked by Ty Dellandrea.
7:31 of 2nd period - Icing by Brock Faber.
7:32 of 2nd period - Gabriel Vilardi wins face-off versus Vladimir Tarasenko in Flyers zone.
7:32 of 2nd period - Gabriel Vilardi is hit by Drake Batherson.
7:40 of 2nd period - Wrist shot by Leon Draisaitl.
7:40 of 2nd period - Shot Misses the Net.
7:42 of 2nd period - Slapshot by Travis Konecny.
7:42 of 2nd period - Shot Misses the Net.
7:44 of 2nd period - Slapshot by Patrick Kane.
7:44 of 2nd period - Shot Blocked by Vladimir Tarasenko.
7:46 of 2nd period - Slapshot by John Marino.
7:46 of 2nd period - Shot Blocked by Vladimir Tarasenko.
7:48 of 2nd period - Wrist shot by Patrick Kane.
7:48 of 2nd period - Shot Blocked by Josh Mahura.
7:50 of 2nd period - Snap shot by Leon Draisaitl.
7:50 of 2nd period - Stopped by Jacob Markstrom without a rebound.
7:51 of 2nd period - Shane Pinto wins face-off versus Dylan Cozens in Whalers zone.
7:51 of 2nd period - Shane Pinto is hit by Kaiden Guhle.
7:57 of 2nd period - Slapshot by Bryan Rust.
7:57 of 2nd period - Stopped by Juuse Saros with a rebound.
8:41 of 2nd period - Scott Laughton is hit by David Savard and loses puck.
10:12 of 2nd period - Pierre-edouard Bellemare is hit by Scott Laughton.
11:09 of 2nd period - Off-side.
11:10 of 2nd period - Jack McBain wins face-off versus Leon Draisaitl in neutral zone.
11:17 of 2nd period - Snap shot by Ty Dellandrea.
11:17 of 2nd period - Stopped by Juuse Saros with a rebound.
11:19 of 2nd period - Slapshot by Trevor Lewis.
11:19 of 2nd period - Stopped by Juuse Saros with a rebound.
11:23 of 2nd period - Snap shot by Trevor Lewis.
11:23 of 2nd period - Deflect By Ty Dellandrea.
11:23 of 2nd period - Stopped by Juuse Saros with a rebound.
12:23 of 2nd period - Wrist shot by Dylan Cozens.
12:23 of 2nd period - Stopped by Jacob Markstrom with a rebound.
13:05 of 2nd period - Wrist shot by Shane Pinto.
13:05 of 2nd period - Shot Blocked by Scott Laughton.
13:07 of 2nd period - Wrist shot by Sean Walker.
13:07 of 2nd period - Shot Blocked by Scott Laughton.
13:09 of 2nd period - Slapshot by Josh Mahura.
13:09 of 2nd period - Deflect By Juuso Valimaki.
13:09 of 2nd period - Stopped by Juuse Saros with a rebound.
13:26 of 2nd period - Snap shot by Trevor Lewis.
13:26 of 2nd period - Deflect By Ty Dellandrea.
13:26 of 2nd period - Goal by Ty Dellandrea - Whalers : 1 - Flyers : 1.
13:27 of 2nd period - Reilly Smith wins face-off versus Kevin Fiala in neutral zone.
13:34 of 2nd period - Snap shot by Bryan Rust.
13:34 of 2nd period - Deflect By Reilly Smith.
13:34 of 2nd period - Stopped by Juuse Saros without a rebound.
13:35 of 2nd period - Shane Pinto wins face-off versus Dylan Cozens in Flyers zone.
13:57 of 2nd period - Icing by Justin Faulk.
13:58 of 2nd period - Travis Konecny wins face-off versus Drake Batherson in Whalers zone.
14:29 of 2nd period - Slapshot by Bryan Rust.
14:29 of 2nd period - Shot Blocked by Brock Faber.
14:31 of 2nd period - Backhand shot by Bryan Rust.
14:31 of 2nd period - Stopped by Juuse Saros with a rebound.
14:33 of 2nd period - Snap shot by Reilly Smith.
14:33 of 2nd period - Stopped by Juuse Saros with a rebound.
14:35 of 2nd period - Wrist shot by Reilly Smith.
14:35 of 2nd period - Deflect By Bryan Rust.
14:35 of 2nd period - Stopped by Juuse Saros with a rebound.
14:37 of 2nd period - Slapshot by Scott Mayfield.
14:37 of 2nd period - Deflect By Reilly Smith.
14:37 of 2nd period - Shot Blocked by Viktor Arvidsson.
14:37 of 2nd period - Puck is out of play.
14:38 of 2nd period - Pierre-edouard Bellemare wins face-off versus Scott Laughton in Flyers zone.
15:03 of 2nd period - Kevin Fiala is hit by Bryan Rust.
15:09 of 2nd period - Wrist shot by Kevin Fiala.
15:09 of 2nd period - Shot Blocked by Reilly Smith.
15:11 of 2nd period - Wrist shot by Dylan Cozens.
15:11 of 2nd period - Stopped by Jacob Markstrom without a rebound.
15:12 of 2nd period - Shane Pinto wins face-off versus Leon Draisaitl in Whalers zone.
15:38 of 2nd period - Minor Penalty to Scott Mayfield for Hooking.
15:39 of 2nd period - Leon Draisaitl wins face-off versus Pierre-edouard Bellemare in Whalers zone.
15:40 of 2nd period - Snap shot by Patrick Kane.
15:40 of 2nd period - Goal by Patrick Kane - Whalers : 1 - Flyers : 2.
15:41 of 2nd period - Dylan Cozens wins face-off versus Drake Batherson in neutral zone.
15:56 of 2nd period - Drake Batherson is hit by Brock Faber and loses puck.
16:29 of 2nd period - Backhand shot by Patrick Kane.
16:29 of 2nd period - Goal by Patrick Kane - Whalers : 1 - Flyers : 3.
16:30 of 2nd period - Dylan Cozens wins face-off versus Vladimir Tarasenko in neutral zone.
17:24 of 2nd period - Slapshot by John-Jason Peterka.
17:24 of 2nd period - Shot Misses the Net.
17:42 of 2nd period - Snap shot by Dylan Cozens.
17:42 of 2nd period - Shot Misses the Net.
17:50 of 2nd period - Wrist shot by Reilly Smith.
17:50 of 2nd period - Stopped by Juuse Saros with a rebound.
18:47 of 2nd period - Slapshot by Jacob Middleton.
18:47 of 2nd period - Stopped by Juuse Saros with a rebound.
18:49 of 2nd period - Wrist shot by Bryan Rust.
18:49 of 2nd period - Stopped by Juuse Saros with a rebound.
19:03 of 2nd period - Snap shot by Reilly Smith.
19:03 of 2nd period - Stopped by Juuse Saros without a rebound.
19:04 of 2nd period - Leon Draisaitl wins face-off versus Drake Batherson in Flyers zone.
19:31 of 2nd period - Calle Jarnkrok is hit by Oskar Sundqvist and loses puck.
Goals for this period are 1 for Whalers vs 2 for Flyers.
Shots for this period are 17 for Whalers vs 9 for Flyers.

3rd period


0:01 of 3rd period - Drake Batherson wins face-off versus Leon Draisaitl in neutral zone.
0:13 of 3rd period - Minor Penalty to Justin Faulk for Hooking.
0:14 of 3rd period - Kevin Fiala wins face-off versus Pierre-edouard Bellemare in Whalers zone.
0:22 of 3rd period - Wrist shot by Kevin Fiala.
0:22 of 3rd period - Shot Misses the Net.
0:24 of 3rd period - Slapshot by Patrick Kane.
0:24 of 3rd period - Stopped by Jacob Markstrom with a rebound.
0:26 of 3rd period - Wrist shot by Patrick Kane.
0:26 of 3rd period - Shot Blocked by Pierre-edouard Bellemare.
0:28 of 3rd period - Wrist shot by Leon Draisaitl.
0:28 of 3rd period - Shot Misses the Net.
0:30 of 3rd period - Wrist shot by Kevin Fiala.
0:30 of 3rd period - Shot Misses the Net.
0:40 of 3rd period - MacKenzie Weegar is hit by Reilly Smith.
0:44 of 3rd period - Jack McBain is hit by Travis Konecny and loses puck.
2:13 of 3rd period - Penalty to Justin Faulk is over, Justin Faulk is back on ice.
2:28 of 3rd period - Wrist shot by Reilly Smith.
2:28 of 3rd period - Shot Misses the Net.
2:30 of 3rd period - Wrist shot by Justin Faulk.
2:30 of 3rd period - Shot Misses the Net.
2:32 of 3rd period - Slapshot by Josh Mahura.
2:32 of 3rd period - Shot Misses the Net.
2:34 of 3rd period - Slapshot by Josh Mahura.
2:34 of 3rd period - Shot Blocked by Wyatt Johnston.
2:36 of 3rd period - Wrist shot by Reilly Smith.
2:36 of 3rd period - Shot Blocked by Brock Faber.
2:38 of 3rd period - Wrist shot by Shane Pinto.
2:38 of 3rd period - Shot Blocked by Brock Faber.
2:56 of 3rd period - Snap shot by Justin Faulk.
2:56 of 3rd period - Stopped by Juuse Saros with a rebound.
2:58 of 3rd period - Snap shot by Scott Mayfield.
2:58 of 3rd period - Stopped by Juuse Saros without a rebound.
2:59 of 3rd period - Timo Meier wins face-off versus Scott Laughton in Flyers zone.
3:13 of 3rd period - Gabriel Vilardi is hit by Drake Batherson and loses puck.
3:26 of 3rd period - Pierre-edouard Bellemare is hit by Travis Konecny and loses puck.
3:35 of 3rd period - Slapshot by Leon Draisaitl.
3:35 of 3rd period - Stopped by Jacob Markstrom with a rebound.
4:27 of 3rd period - Justin Faulk is hit by Joey Anderson and loses puck.
4:45 of 3rd period - Travis Konecny is hit by Sean Walker and loses puck.
5:15 of 3rd period - Brock Faber is hit by Ty Dellandrea.
5:33 of 3rd period - Justin Faulk is hit by John Marino and loses puck.
6:25 of 3rd period - Icing by Justin Faulk.
6:26 of 3rd period - Pierre-edouard Bellemare wins face-off versus Dylan Cozens in Whalers zone.
6:55 of 3rd period - Snap shot by Max Pacioretty.
6:55 of 3rd period - Shot Misses the Net.
6:57 of 3rd period - Slapshot by Pierre-edouard Bellemare.
6:57 of 3rd period - Deflect By Leon Draisaitl.
6:57 of 3rd period - Shot Blocked by Patrick Kane.
6:57 of 3rd period - Puck is out of play.
6:58 of 3rd period - Scott Laughton wins face-off versus Pierre-edouard Bellemare in Flyers zone.
7:30 of 3rd period - Patrick Kane is hit by Timo Meier and loses puck.
8:40 of 3rd period - Kaiden Guhle is hit by Timo Meier and loses puck.
8:51 of 3rd period - Slapshot by Leon Draisaitl.
8:51 of 3rd period - Shot Misses the Net.
8:53 of 3rd period - Slapshot by Juuso Valimaki.
8:53 of 3rd period - Stopped by Jacob Markstrom with a rebound.
9:17 of 3rd period - Slapshot by Reilly Smith.
9:17 of 3rd period - Deflect By Bryan Rust.
9:17 of 3rd period - Stopped by Juuse Saros without a rebound.
9:18 of 3rd period - Shane Pinto wins face-off versus Calle Jarnkrok in Flyers zone.
9:21 of 3rd period - Snap shot by Reilly Smith.
9:21 of 3rd period - Stopped by Juuse Saros without a rebound.
9:22 of 3rd period - Calle Jarnkrok wins face-off versus Drake Batherson in Flyers zone.
9:22 of 3rd period - Calle Jarnkrok is hit by Vladimir Tarasenko.
9:37 of 3rd period - Minor Penalty to Scott Mayfield for Diving.
9:38 of 3rd period - Leon Draisaitl wins face-off versus Pierre-edouard Bellemare in Whalers zone.
9:44 of 3rd period - Slapshot by Kevin Fiala.
9:44 of 3rd period - Stopped by Jacob Markstrom without a rebound.
9:45 of 3rd period - Pierre-edouard Bellemare wins face-off versus Leon Draisaitl in Whalers zone.
10:51 of 3rd period - Snap shot by Leon Draisaitl.
10:51 of 3rd period - Deflect By Patrick Kane.
10:51 of 3rd period - Shot Misses the Net.
10:51 of 3rd period - Puck is out of play.
10:52 of 3rd period - Dylan Cozens wins face-off versus Jack McBain in Whalers zone.
11:37 of 3rd period - Penalty to Scott Mayfield is over, Scott Mayfield is back on ice.
13:54 of 3rd period - MacKenzie Weegar is hit by Scott Mayfield and loses puck.
16:00 of 3rd period - Slapshot by John Marino.
16:00 of 3rd period - Shot Blocked by Bryan Rust.
16:02 of 3rd period - Slapshot by John Marino.
16:02 of 3rd period - Shot Blocked by Justin Faulk.
16:04 of 3rd period - Slapshot by John Marino.
16:04 of 3rd period - Shot Blocked by Justin Faulk.
16:40 of 3rd period - Wrist shot by Oskar Sundqvist.
16:40 of 3rd period - Shot Misses the Net.
17:33 of 3rd period - Snap shot by Vladimir Tarasenko.
17:33 of 3rd period - Shot Misses the Net.
17:43 of 3rd period - Jacob Middleton is hit by Travis Konecny.
17:51 of 3rd period - Shane Pinto is hit by Travis Konecny and loses puck.
17:58 of 3rd period - Leon Draisaitl is hit by Shane Pinto and loses puck.
18:19 of 3rd period - Dylan Cozens is hit by Justin Faulk and loses puck.
18:41 of 3rd period - Icing by Brock Faber.
18:42 of 3rd period - Max Pacioretty wins face-off versus Scott Laughton in Flyers zone.
19:59 of 3rd period - Slapshot by Pierre-edouard Bellemare.
19:59 of 3rd period - Stopped by Juuse Saros with a rebound.
Goals for this period are 0 for Whalers vs 0 for Flyers.
Shots for this period are 5 for Whalers vs 4 for Flyers.




Output by the SimonT Hockey Simulator (STHS) for Eric Tremblay - Original Page W3C HTML5 Valid
Hockey Simulator - Hockey Simulation - Hockey Manager